 Dungeon Crawl Stone Soup version 0.20-a0-345-gbfb25ec (webtiles) character file.

86 snakesoul the Skirmisher (level 4, -4/37 HPs)
             Began as a Demonspawn Fighter on Dec 22, 2016.
             Slain by snakesoul's ghost (7 damage)
             ... on level 3 of the Dungeon.
             The game lasted 00:02:02 (1950 turns).

snakesoul the Skirmisher (Demonspawn Fighter)       Turns: 1950, Time: 00:02:03

Health: -4/37      AC:  6    Str: 17    XL:     4   Next: 26%
Magic:  4/4        EV:  7    Int:  9    God:
Gold:   126        SH:  9    Dex: 13    Spells: 3/3 levels left

rFire  . . .     SeeInvis .     a - +0 long sword
rCold  + . .     Gourm    .     b - +0 scale mail
rNeg   . . .     Faith    .     c - +0 shield
rPois  .         Spirit   .     (helmet restricted)
rElec  .         Reflect  .     (no cloak)
rCorr  .         Harm     .     (no gloves)
MR     .....                    (no boots)
Stlth  ..........               (no amulet)
                                (no ring)
                                (no ring)

@: no status effects
A: antennae 1, cold resistance 1
a: no special abilities


You were on level 3 of the Dungeon.
You were not hungry.

You visited 1 branch of the dungeon, and saw 3 of its levels.

You collected 126 gold pieces.

Inventory:

Hand Weapons
 a - a +0 long sword (weapon)
Armour
 b - a +0 scale mail (worn)
 c - a +0 shield (worn)
Scrolls
 g - a scroll of remove curse {unknown}
 h - a scroll of magic mapping {unknown}
 i - a scroll of enchant armour {unknown}
 k - a scroll of identify {unknown}
 l - a scroll of fear {unknown}
 o - a scroll of teleportation {unknown}
Potions
 d - a potion of might
 e - 2 potions of resistance {unknown}
 j - a potion of heal wounds {unknown}
 m - 2 potions of lignification {unknown}
Comestibles
 f - 3 bread rations
 n - 7 chunks of flesh


   Skills:
 + Level 3.8 Fighting
 * Level 3.1 Long Blades
 - Level 2.6 Armour
 + Level 3.1 Shields


You had 3 spell levels left.
You didn't know any spells.

Dungeon Overview and Level Annotations

Branches:
Dungeon (3/15)

Altars:
The Shining One

Annotations:
D:3 snakesoul's ghost, amateur DsFi


Innate Abilities, Weirdness & Mutations

You have a pair of small antennae on your head.
Your flesh is cold resistant. (rC+)


Message History

You hit snakesoul's ghost.
Snakesoul's ghost is lightly damaged.
You block snakesoul's ghost's attack.
You closely miss snakesoul's ghost.
Snakesoul's ghost is lightly damaged.
Snakesoul's ghost hits you!
You hit snakesoul's ghost.
Snakesoul's ghost is lightly damaged.
Snakesoul's ghost hits you. x2
* * * LOW HITPOINT WARNING * * *
You hit snakesoul's ghost but do no damage.
Snakesoul's ghost is lightly damaged.
Snakesoul's ghost hits you.
* * * LOW HITPOINT WARNING * * *
Your shield and scale mail prevent you from hitting snakesoul's ghost.
Snakesoul's ghost is lightly damaged.
Snakesoul's ghost hits you!
* * * LOW HITPOINT WARNING * * *
Snakesoul's ghost hits you!
You die...

....# ....# ....#
#+# ....# #.#
#.#### #.# .....#
######.#########
#.##.#
#.......#......#
#.##.###.##......#
#..............#@#
####.###.###...#W#
#.# #.# #........
#.# #.# ##..#.###
..# #.# #..#...
### #.# #..#####
#.. ...# ## ##(##
.#


You could see snakesoul's ghost.

Vanquished Creatures
  4 adders (D:2)
  2 dart slugs (D:1)
  5 bats
  3 giant cockroaches
  3 hobgoblins
  6 jackals
  A kobold (D:2)
  A quokka (D:2)
  2 ball pythons
  10 frilled lizards
  5 goblins
  8 rats
50 creatures vanquished.

Notes
Turn   | Place    | Note
-------+----------+-------------------------------------------
     0 | D:1      | snakesoul the Demonspawn Fighter began the quest for the Orb.
     0 | D:1      | Reached XP level 1. HP: 18/18 MP: 1/1
    77 | D:1      | Gained mutation: You have a pair of small antennae on your head. [demonic ancestry]
    77 | D:1      | Reached XP level 2. HP: 20/24 MP: 2/2
   755 | D:2      | Reached XP level 3. HP: 29/29 MP: 3/3
  1520 | D:2      | Gained mutation: Your flesh is cold resistant. (rC+) [demonic ancestry]
  1520 | D:2      | Reached XP level 4. HP: 24/37 MP: 4/4
  1815 | D:3      | Found a glowing golden altar of the Shining One.
  1943 | D:3      | Noticed snakesoul's ghost (amateur DsFi)
  1950 | D:3      | Slain by snakesoul's ghost

Vault maps used:
D:1:      minmay_arrival_semitransparent
D:2:      first_bread, minmay_misc_feat_tiny
D:3:      tso_metal_star, uniq_natasha

Skill      XL: |  1  2  3 |
---------------+----------+-----
Long Blades    | 2 3 |  3.1
Shields        | 3 |  3.1
Fighting       | |  3.8
Armour         | |  2.6

Action                   |  1- 3 |  4- 6 || total
-------------------------+-------+-------++-------
Melee: Long sword        |   126 |    29 ||   155
  Eat: Chunk             |     2 |     2 ||     4
Armor: Scale mail        |    60 |    12 ||    72
Dodge: Dodged            |    42 |    10 ||    52
Block: Shield            |    55 |    18 ||    73
       Rpst.: Long sword |    14 |     1 ||    15
